Workbook
Name _Toc217116400: '1. Budget Guidelines'!#REF!
Name _Toc217116403: '1. Budget Guidelines'!#REF!
Name _Toc217116405: '1. Budget Guidelines'!#REF!

Sheet 1.  Budget Guidelines
A1: BUDGET GUIDELINES
A3: In addition to the budget information required on the SF-424A, applicants must provide the following three elements as part of the budget submission:
A4: A. Summary Budget (Note: using the OMB cost categories, see SF-424A)
A5: B. Detailed Line-Item Budget (Direct and Indirect Costs)
A6: C. Budget Narrative
A8: A. Summary Budget (Note: TEMPLATE ON TAB 2, auto fills from TAB 3 "Detailed Budget Template")
A10: B. Detailed Line-Item Budget (Note: TEMPLATE ON TAB 3)
A11: Note: Applicants must provide a Detailed Line-Item Budget (in Microsoft Excel or similar spreadsheet format) outlining specific cost requirements within each of the summary budget categories.
A12: · Calibri 12 font; must fit on 8x11 letter sized paper, not legal size. Once approved, the budget will be incorporated as a PDF into the binding agreement.
A13: · If applicable, Cost-Share should be itemized in the separate column. See below for more details on Cost-Share.
A14: · The budget should be for the entire project period and reflect realistic yearly expenses based on project need and the approved timeline.
A15: · All sub-award costs should be listed under Line F, Contractual, of the prime budget. A separated itemized breakdown of costs should be provided in the “SubRecipient Budget” tab.
... A217: 2 CFR §600: eCFR :: 2 CFR Chapter VI -- Department of State

Sheet 2. Summary Budget Template
A1: SAMPLE SUMMARY BUDGET
A2: Organization Name
A3: Project Title
A4: Project Duration
D5: Federal Request | E5: Cost Share | F5: Total Project Budget
A7: A | C7: Personnel | D7: ='3. Detailed Budget Template'!S19 -> 15600 | E7: ='3. Detailed Budget Template'!T19 -> 100 | F7: ='3. Detailed Budget Template'!U19 -> 15700
A8: B | C8: Fringe Benefits | D8: ='3. Detailed Budget Template'!S22 -> 0 | E8: ='3. Detailed Budget Template'!T23 -> 0 | F8: ='3. Detailed Budget Template'!U23 -> 732
A9: C | C9: Travel | D9: ='3. Detailed Budget Template'!S40 -> 9000 | E9: ='3. Detailed Budget Template'!T40 -> 0 | F9: ='3. Detailed Budget Template'!U40 -> 9000
A10: D | C10: Equipment | D10: ='3. Detailed Budget Template'!S49 -> 178100 | E10: ='3. Detailed Budget Template'!T49 -> 0 | F10: ='3. Detailed Budget Template'!U49 -> 178100
A11: E | C11: Supplies | D11: ='3. Detailed Budget Template'!S56 -> 3430 | E11: ='3. Detailed Budget Template'!T56 -> 0 | F11: ='3. Detailed Budget Template'!U56 -> 3430
A12: F | C12: Contractual | D12: ='3. Detailed Budget Template'!S65 -> 201000 | E12: ='3. Detailed Budget Template'!T65 -> 0 | F12: ='3. Detailed Budget Template'!U65 -> 201000
A13: G | C13: Construction | D13: ='3. Detailed Budget Template'!S72 -> 0 | E13: ='3. Detailed Budget Template'!T72 -> 0 | F13: ='3. Detailed Budget Template'!U72 -> 0
A14: H | C14: Other Direct Costs | D14: ='3. Detailed Budget Template'!S79 -> 1501.61 | E14: ='3. Detailed Budget Template'!T79 -> 0 | F14: ='3. Detailed Budget Template'!U79 -> 1501.61
A15: I | C15: Total Direct Costs | D15: ='3. Detailed Budget Template'!S80 -> 409363.61 | E15: ='3. Detailed Budget Template'!T80 -> 100 | F15: ='3. Detailed Budget Template'!U80 -> 409463.61
A16: J | C16: Total Indirect Costs | D16: ='3. Detailed Budget Template'!S81 -> 61404.541 | E16: ='3. Detailed Budget Template'!T81 -> 0 | F16: ='3. Detailed Budget Template'!U81 -> 61404.541
A17: K | C17: Total (Sum I + J) | D17: ='3. Detailed Budget Template'!S82 -> 470768.15 | E17: ='3. Detailed Budget Template'!T82 -> 100 | F17: ='3. Detailed Budget Template'!U82 -> 470868.15
A19: * line item amounts auto-fill from "Detailed Grant Budget Template" tab

Sheet 3. Detailed Budget Template
A1: DETAILED LINE-ITEM BUDGET
A2: Organization's Name | P2: Organization Name
A3: Project Title | P3: Project Title
A4: Project Duration | P4: Project Title
D6: Cost Breakdown | H6: Year 1 | I6: Cost Breakdown | M6: Year 2 | N6: Cost Breakdown | R6: Year 3 | S6: Total Requested Federal Funds | T6: Cost-Share by Applicant | U6: Program Total
D7: Unit | E7: Number | F7: Number | G7: Allocation | I7: Unit | J7: Number | K7: Number | L7: Allocation | N7: Unit | O7: Number | P7: Number | Q7: Allocation
A8: A | C8: Personnel (Direct-Hires) | D8: # months | E8: # of people | F8: salary | G8: % level of effort | I8: # months | J8: # of people | K8: salary | L8: % level of effort | N8: #months | O8: # of people | P8: salary | Q8: % level of effort
A9: A.1 | C9: HQ-Based personnel
A10: Commisioner
A11: Lead Curator
A12: Additional Curator
A13: Educational Program Staff
A14: A.1.1 | C14: Project Manager | D14: 12 | E14: 1 | F14: 1000 | G14: 1 | H14: =SUM(D14*E14*F14*G14) -> 12000 | I14: 12 | J14: 1 | K14: 100 | L14: 1 | M14: =SUM(I14*J14*K14*L14) -> 1200 | N14: 12 | O14: 1 | P14: 100 | Q14: 1 | R14: =SUM(N14*O14*P14*Q14) -> 1200 | S14: =SUM(H14+M14+R14) -> 14400 | T14: 100 | U14: =S14+T14 -> 14500
A15: A.1.2 | C15: Project Officer, etc. | H15: =SUM(D15*E15*F15*G15) -> 0 | M15: =SUM(I15*J15*K15*L15) -> 0 | R15: =SUM(N15*O15*P15*Q15) -> 0 | S15: =SUM(H15+M15+R15) -> 0 | U15: =S15+T15 -> 0
A16: A.2 | C16: Field Personnel (Direct-Hires)
A17: A.2.1 | C17: Field Director | H17: =SUM(D17*E17*F17*G17) -> 0 | R17: =SUM(N17*O17*P17*Q17) -> 0 | S17: =SUM(H17+M17+R17) -> 0 | U17: =S17+T17 -> 0
A18: A.2.2 | C18: Field Trainer | D18: 12 | E18: 1 | F18: 100 | G18: 1 | H18: =SUM(D18*E18*F18*G18) -> 1200 | M18: =SUM(I18*J18*K18*L18) -> 0 | R18: =SUM(N18*O18*P18*Q18) -> 0 | S18: =SUM(H18+M18+R18) -> 1200 | U18: =S18+T18 -> 1200
A19: Subtotal Personnel | H19: =SUM(H14:H18) -> 13200 | M19: =SUM(M14:M18) -> 1200 | R19: =SUM(R14:R18) -> 1200 | S19: =SUM(S14:S18) -> 15600 | T19: =SUM(T14:T18) -> 100 | U19: =S19+T19 -> 15700
A20: B | C20: Fringe Benefits | D20: # months | E20: % rate per NICRA | F20: salary | G20: % level of effort | I20: # months | J20: % rate per NICRA | K20: salary | L20: % level of effort | N20: # months | O20: % rate per NICRA | P20: salary | Q20: % level of effort
A21: B.1 | C21: HQ-Based Fringe Benefits | D21: 12 | E21: 0.05 | F21: 1000 | G21: 1 | H21: =SUM(D21*E21*F21*G21) -> 600 | I21: 12 | J21: 0.03 | K21: 200 | L21: 1 | M21: =SUM(I21*J21*K21*L21) -> 72 | N21: 12 | O21: 0.02 | P21: 500 | Q21: 0.5 | R21: =SUM(N21*O21*P21*Q21) -> 60 | S21: =SUM(H21+M21+R21) -> 732 | U21: =S21+T21 -> 732
A22: B.2 | C22: Field Fringe Benefits | H22: =SUM(D22*E22*F22*G22) -> 0 | M22: =SUM(I22*J22*K22*L22) -> 0 | R22: =SUM(N22*O22*P22*Q22) -> 0 | S22: =SUM(H22+M22+R22) -> 0 | U22: =S22+T22 -> 0
A23: Subtotal Fringe Benefits | H23: =SUM(H21:H22) -> 600 | M23: =SUM(M21:M22) -> 72 | R23: =SUM(R21:R22) -> 60 | S23: =SUM(S21:S22) -> 732 | T23: =SUM(T21:T22) -> 0 | U23: =S23+T23 -> 732
A24: C | C24: Travel | D24: # people | E24: #days | F24: cost per unit | G24: % | I24: # people | J24: #trips/days | K24: cost | L24: % | N24: # people | O24: #trips/days | P24: cost | Q24: %
A25: C.1 | C25: International Travel (Installation, Vernissage, De-Installation, etc.)
A26: Activity/Purpose - | D26: Activity 1.1….. | I26: Activity 1.1….. | N26: Activity 1.1…..
A27: C.1.1 | C27: Mode - Traveler Name (if name not available, include personnel role) - From & To /RT | D27: 3 | E27: 5 | F27: 600 | G27: 1 | H27: =SUM(D27*E27*F27*G27) -> 9000 | M27: =SUM(I27*J27*K27*L27) -> 0 | R27: =SUM(N27*O27*P27*Q27) -> 0 | S27: =SUM(H27+M27+R27) -> 9000 | U27: =S27+T27 -> 9000
A28: C.1.2 | C28: Lodging | H28: =SUM(D28*E28*F28*G28) -> 0 | M28: =SUM(I28*J28*K28*L28) -> 0 | R28: =SUM(N28*O28*P28*Q28) -> 0 | S28: =SUM(H28+M28+R28) -> 0 | U28: =S28+T28 -> 0
A29: C.1.3 | C29: Per Diem (City, Country) | H29: =SUM(D29*E29*F29*G29) -> 0 | M29: =SUM(I29*J29*K29*L29) -> 0 | R29: =SUM(N29*O29*P29*Q29) -> 0 | S29: =SUM(H29+M29+R29) -> 0 | U29: =S29+T29 -> 0
A30: C.2 | C30: Country Travel
A31: Activity/Purpose - | D31: Activity 2.1….. | I31: Activity 2.1….. | N31: Activity 2.1…..
A32: C.2.1 | C32: Mode - Traveler Name (if name not available, include personnel role) - From & To /RT | H32: =SUM(D32*E32*F32*G32) -> 0 | M32: =SUM(I32*J32*K32*L32) -> 0 | R32: =SUM(N32*O32*P32*Q32) -> 0 | S32: =SUM(H32+M32+R32) -> 0 | U32: =S32+T32 -> 0
A33: C.2.2 | C33: Lodging | H33: =SUM(D33*E33*F33*G33) -> 0 | M33: =SUM(I33*J33*K33*L33) -> 0 | R33: =SUM(N33*O33*P33*Q33) -> 0 | S33: =SUM(H33+M33+R33) -> 0 | U33: =S33+T33 -> 0
A34: C.2.3 | C34: Per Diem (City, Country) | H34: =SUM(D34*E34*F34*G34) -> 0 | M34: =SUM(I34*J34*K34*L34) -> 0 | R34: =SUM(N34*O34*P34*Q34) -> 0 | S34: =SUM(H34+M34+R34) -> 0 | U34: =S34+T34 -> 0
A35: C.3 | C35: Domestic or Monitoring Travel
A36: Activity/Purpose - | D36: Activity 2.1….. | I36: Activity 2.1….. | N36: Activity 2.1…..
A37: C.3.1 | C37: Mode - Traveler Name (if name not available, include personnel role) - From & To /RT | H37: =SUM(D37*E37*F37*G37) -> 0 | M37: =SUM(I37*J37*K37*L37) -> 0 | R37: =SUM(N37*O37*P37*Q37) -> 0 | S37: =SUM(H37+M37+R37) -> 0 | U37: =S37+T37 -> 0
A38: C.3.2 | C38: Lodging | H38: =SUM(D38*E38*F38*G38) -> 0 | M38: =SUM(I38*J38*K38*L38) -> 0 | R38: =SUM(N38*O38*P38*Q38) -> 0 | S38: =SUM(H38+M38+R38) -> 0 | U38: =S38+T38 -> 0
A39: C.3.3 | C39: Per Diem (City, Country) | H39: =SUM(D39*E39*F39*G39) -> 0 | M39: =SUM(I39*J39*K39*L39) -> 0 | R39: =SUM(N39*O39*P39*Q39) -> 0 | S39: =SUM(H39+M39+R39) -> 0 | U39: =S39+T39 -> 0
A40: Subtotal Travel | H40: =SUM(H27:H39) -> 9000 | M40: =SUM(M27:M39) -> 0 | R40: =SUM(R27:R39) -> 0 | S40: =SUM(S27:S39) -> 9000 | T40: =SUM(T27:T39) -> 0 | U40: =S40+T40 -> 9000
A41: D | C41: Equipment (> $10,000 per unit ) | E41: # units | F41: cost per unit | G41: % | J41: number | K41: cost | L41: % | O41: number | P41: cost | Q41: %
A42: D.1 | C42: Equipment
A43: Activity/Purpose | D43: Activity 2.1 | I43: Activity 2.1 | N43: Activity 2.1
A44: D.1.1 | C44: (description, e.g. generators, etc) | E44: 1 | F44: 10100 | G44: 1 | H44: =SUM(E44*F44*G44) -> 10100 | J44: 1 | K44: 20000 | L44: 1 | M44: =SUM(J44*K44*L44) -> 20000 | O44: 1 | P44: 30000 | Q44: 0.5 | R44: =SUM(O44*P44*Q44) -> 15000 | S44: =SUM(H44+M44+R44) -> 45100 | U44: =S44+T44 -> 45100
A45: D.1.2 | C45: (description of equipment purchased for this activity) | E45: 1 | F45: 11000 | G45: 1 | H45: =SUM(E45*F45*G45) -> 11000 | J45: 1 | K45: 30000 | L45: 1 | M45: =SUM(J45*K45*L45) -> 30000 | O45: 1 | P45: 25000 | Q45: 1 | R45: =SUM(O45*P45*Q45) -> 25000 | S45: =SUM(H45+M45+R45) -> 66000 | U45: =S45+T45 -> 66000
A46: Activity/Purpose | D46: Activity 3.2 and Activity 4.1 | I46: Activity 3.2 and Activity 4.1 | N46: Activity 3.2 and Activity 4.1
A47: D.2 | C47: (description of equipment) | E47: 2 | F47: 11000 | G47: 1 | H47: =SUM(E47*F47*G47) -> 22000 | J47: 1 | K47: 25000 | L47: 1 | M47: =SUM(J47*K47*L47) -> 25000 | O47: 1 | P47: 20000 | Q47: 1 | R47: =SUM(O47*P47*Q47) -> 20000 | S47: =SUM(H47+M47+R47) -> 67000 | U47: =S47+T47 -> 67000
A48: D.2.1 | C48: (description of equipment) | H48: =SUM(E48*F48*G48) -> 0 | M48: =SUM(J48*K48*L48) -> 0 | R48: =SUM(O48*P48*Q48) -> 0 | S48: =SUM(H48+M48+R48) -> 0 | U48: =S48+T48 -> 0
A49: Subtotal Equipment | C49: Sub Total Equipment | H49: =SUM(H44:H48) -> 43100 | M49: =SUM(M44:M48) -> 75000 | R49: =SUM(R44:R48) -> 60000 | S49: =SUM(S44:S48) -> 178100 | T49: =SUM(T44:T48) -> 0 | U49: =S49+T49 -> 178100
A50: E | C50: Supplies (< $10,000 per unit) | E50: # of units | F50: cost per unit | G50: % | J50: # of units | K50: cost per unit | L50: % | O50: # of units | P50: cost per unit | Q50: %
A51: E.1 | C51: Supplies
A52: Activity/Purpose - | D52: Activity 2.1 | I52: Activity 2.1 | N52: Activity 2.1
A53: E.1.1 | C53: (description e.g. laptops, cell phones) | E53: 2 | F53: 250 | G53: 1 | H53: =SUM(E53*F53*G53) -> 500 | J53: 2 | K53: 222 | L53: 1 | M53: =SUM(J53*K53*L53) -> 444 | O53: 2 | P53: 200 | Q53: 0.75 | R53: =SUM(O53*P53*Q53) -> 300 | S53: =SUM(H53+M53+R53) -> 1244 | U53: =S53+T53 -> 1244
A54: Activity/Purpose -
A55: E.2 | C55: (description of supplies purchased for this activity) | E55: 1 | F55: 111 | G55: 1 | H55: =SUM(E55*F55*G55) -> 111 | J55: 5 | K55: 550 | L55: 0.5 | M55: =SUM(J55*K55*L55) -> 1375 | O55: 1 | P55: 700 | Q55: 1 | R55: =SUM(O55*P55*Q55) -> 700 | S55: =SUM(H55+M55+R55) -> 2186 | U55: =S55+T55 -> 2186
A56: Subtotal Supplies | C56: Sub Total Supplies | H56: =SUM(H53:H55) -> 611 | M56: =SUM(M53:M55) -> 1819 | R56: =SUM(R53:R55) -> 1000 | S56: =SUM(S53:S55) -> 3430 | T56: =SUM(T53:T55) -> 0 | U56: =S56+T56 -> 3430
A57: F | C57: Contractual | E57: number | F57: cost per unit | G57: % | J57: number | K57: cost per unit | L57: % | O57: number | P57: cost per unit | Q57: %
A58: F.1 | C58: Subawards
A59: Guggenheim Foundation | F59: 125000
A60: Activity/Purpose - | D60: Activity 3.1….. | I60: Activity 3.1….. | N60: Activity 3.1…..
A61: F.1.1 | C61: Subrecipient Name | E61: 1 | F61: 150000 | G61: 1 | H61: =SUM(E61*F61*G61) -> 150000 | M61: =SUM(J61*K61*L61) -> 0 | R61: =SUM(O61*P61*Q61) -> 0 | S61: =H61+M61+R61 -> 150000 | U61: =S61+T61 -> 150000
A62: F.2 | C62: Contracts
A63: Activity/Purpose | D63: Activity 4.1….. | I63: Activity 4.1….. | N63: Activity 4.1…..
A64: F.2.1 | C64: Contractor Name | E64: 1 | F64: 50000 | G64: 1 | H64: =SUM(E64*F64*G64) -> 50000 | J64: 1 | K64: 1000 | L64: 1 | M64: =SUM(J64*K64*L64) -> 1000 | R64: =SUM(O64*P64*Q64) -> 0 | S64: =SUM(H64+M64+R64) -> 51000 | T64: 0 | U64: =S64+T64 -> 51000
A65: Subtotal Contractual | H65: =SUM(H61+H64) -> 200000 | M65: =SUM(M61:M64) -> 1000 | R65: =SUM(R61+R64) -> 0 | S65: =SUM(S61:S64) -> 201000 | T65: =SUM(T61:T64) -> 0 | U65: =S65+T65 -> 201000
A66: G | C66: Construction | E66: number | F66: cost per unit | G66: %
A69: G.1 | C69: Construction | E69: 0 | F69: 0 | G69: 0 | H69: =SUM(E69*F69*G69) -> 0 | S69: =SUM(H69+M69+R69) -> 0 | T69: 0 | U69: =S69+T69 -> 0
A70: Installation
A71: De-installation
A72: Subtotal Construction | H72: =SUM(H69) -> 0 | M72: =SUM(M69) -> 0 | R72: =SUM(R69) -> 0 | S72: =SUM(S69:S69) -> 0 | T72: 0 | U72: =S72+T72 -> 0
A73: H | C73: Other Direct Costs | D73: unit | E73: number | F73: cost per unit | G73: % | I73: unit | J73: number | K73: cost | L73: % | N73: unit | O73: number | P73: cost | Q73: %
A74: Activity/Purpose | D74: Activity 3.1….. | I74: Activity 3.1….. | N74: Activity 3.1…..
A75: H.1 | C75: Specify, itemize (venue fees in X location) | D75: 1 | E75: 1 | F75: 1501.61 | G75: 1 | H75: =SUM(D75*E75*F75*G75) -> 1501.61 | M75: =SUM(I75*J75*K75*L75) -> 0 | R75: =SUM(N75*O75*P75*Q75) -> 0 | S75: =SUM(H75+M75+R75) -> 1501.61 | T75: 0 | U75: =S75+T75 -> 1501.61
A76: H.2 | C76: Specify, itemize (e.g. radio airtime fees, audit fee) | H76: =SUM(D76*E76*F76*G76) -> 0 | M76: =SUM(I76*J76*K76*L76) -> 0 | R76: =SUM(N76*O76*P76*Q76) -> 0 | S76: =SUM(H76+M76+R76) -> 0 | U76: =S76+T76 -> 0
A77: Exhibition Production
A78: Shipping of Exhibition Pieces
A79: Subtotal Other Direct Costs | H79: =SUM(H75:H76) -> 1501.61 | M79: =SUM(M75:M76) -> 0 | R79: =SUM(R75:R76) -> 0 | S79: =SUM(S75:S76) -> 1501.61 | T79: =SUM(T75:T76) -> 0 | U79: =S79+T79 -> 1501.61
A80: I | C80: Total Direct Costs | H80: =SUM(H19+H23+H40+H49+H56+H65+H72+H79) -> 268012.61 | M80: =SUM(M19+M23+M40+M49+M56+M65+M72+M79) -> 79091 | R80: =SUM(R19+R23+R40+R49+R56+R65+R72+R79) -> 62260 | S80: =SUM(S19,S23,S40,S49,S56,S65,S72,S79) -> 409363.61 | T80: =SUM(T19,T23,T40,T49,T56,T65,T72,T79) -> 100 | U80: =S80+T80 -> 409463.61
A81: J | C81: Total Indirect Costs (select one: NICRA %, Final, Pre-determined, Provisional and Basis or 15% De Minimis based on MTDC) Template using 15% MTDC. | H81: =SUM(H80*0.15) -> 40201.891 | M81: =SUM(M80*0.15) -> 11863.65 | R81: =SUM(R80*0.15) -> 9339 | S81: =SUM(H81+M81+R81) -> 61404.541 | T81: 0 | U81: =S81+T81 -> 61404.541
A82: K | C82: Total Project Cost (Total Cost must be whole number $100 remove cents.) | H82: =SUM(H80:H81) -> 308214.5 | M82: =SUM(M80+M81) -> 90954.65 | N82: (must match award amount) | R82: =SUM(R80+R81) -> 71599 | S82: =SUM(S80:S81) -> 470768.15 | T82: =SUM(T80:T81) -> 100 | U82: =S82+T82 -> 470868.15
A83: * Detailed line-item budgets for sub-grantees should be included in additional tabs within this excel workbook.

Sheet 4.SubRecipient Budget (if apl.)
A1: SUB-RECIPIENT BUDGET (if applicable)
A2: Sub-Recipient Organization Name | F2: Organization Name
A3: Project Title | F3: Project Title
A4: Project Duration | F4: Project Title
D6: Cost Breakdown | H6: Requested Federal Funds | I6: Cost-Share by Sub | J6: Program Total
D7: Unit | E7: Number | F7: Amount | G7: Allocation
A8: A | C8: Personnel | D8: # of months or years | E8: # of people | F8: salary (month or year) | G8: % level of effort
A9: A.1 | C9: HQ-Based personnel
A10: A.1.1 | C10: Project Manager | D10: 12 | E10: 1 | F10: 100 | G10: 1 | H10: =D10*E10*F10*G10 -> 1200 | I10: 100 | J10: =H10+I10 -> 1300
A11: A.1.2 | C11: Project Officer, etc. | H11: =D11*E11*F11*G11 -> 0 | J11: =H11+I11 -> 0
A12: A.2 | C12: Field Personnel
A13: A.2.1 | D13: 12 | E13: 1 | F13: 100 | G13: 1 | H13: =D13*E13*F13*G13 -> 1200 | J13: =H13+I13 -> 1200
A14: Subtotal Personnel | H14: =SUM(H10:H13) -> 2400 | I14: =SUM(I10:I13) -> 100 | J14: =H14+I14 -> 2500
A15: B | C15: Fringe Benefits | D15: months or years | E15: % rate per NICRA | F15: salary (month or year) | G15: % level of effort
A16: B.1 | C16: HQ-Based Personnel Fringe Benefits | D16: 12 | E16: 0.06 | F16: 500 | G16: 1 | H16: =D16*E16*F16*G16 -> 360 | J16: =H16+I16 -> 360
A17: B.2 | C17: Field Personnel Fringe Benefits | H17: =D17*E17*F17*G17 -> 0 | J17: =H17+I17 -> 0
A18: Subtotal Fringe Benefits | H18: =SUM(H16:H17) -> 360 | I18: =SUM(I16:I17) -> 0 | J18: =H18+I18 -> 360
A19: C | C19: Travel | D19: # people | E19: # days | F19: cost per unit | G19: %
A20: C.1 | C20: International Travel
A21: Activity/Purpose - | D21: Activity 1.1…..
A22: C.1.1 | C22: Mode - Traveler Name (if name not available, include personnel role) - From & To /RT | D22: 1 | E22: 5 | F22: 750 | G22: 1 | H22: =D22*E22*F22*G22 -> 3750 | J22: =H22+I22 -> 3750
A23: C.1.2 | C23: Lodging | D23: 1 | E23: 5 | F23: 200 | G23: 1 | H23: =D23*E23*F23*G23 -> 1000 | J23: =H23+I23 -> 1000
A24: C.1.3 | C24: Per Diem (City, Country) | D24: 1 | E24: 5 | F24: 100 | G24: 1 | H24: =D24*E24*F24*G24 -> 500 | J24: =H24+I24 -> 500
A25: C.2 | C25: Country Travel
A26: Activity/Purpose - | D26: Activity 2.1…..
A27: C.2.1 | C27: Mode - Traveler Name (if name not available, include personnel role) - From & To /RT | H27: =D27*E27*F27*G27 -> 0 | J27: =H27+I27 -> 0
A28: C.2.2 | C28: Lodging | H28: =D28*E28*F28*G28 -> 0 | J28: =H28+I28 -> 0
A29: C.2.3 | C29: Per Diem (City, Country) | H29: =D29*E29*F29*G29 -> 0 | J29: =H29+I29 -> 0
A30: C.3 | C30: Domestic or Monitoring Travel
A31: Activity/Purpose - | D31: Activity 2.1…..
A32: C.3.1 | C32: Mode - Traveler Name (if name not available, include personnel role) - From & To /RT | H32: =D32*E32*F32*G32 -> 0 | J32: =H32+I32 -> 0
A33: C.3.2 | C33: Lodging | H33: =D33*E33*F33*G33 -> 0 | J33: =H33+I33 -> 0
A34: C.3.3 | C34: Per Diem (City, Country) | H34: =D34*E34*F34*G34 -> 0 | J34: =H34+I34 -> 0
A35: Subtotal Travel | H35: =SUM(H22:H34) -> 5250 | I35: =SUM(I22:I34) -> 0 | J35: =H35+I35 -> 5250
A36: D | C36: Equipment (> $10,000 per unit ) | E36: # units | F36: cost per unit | G36: %
A37: D.1 | C37: Equipment
A38: Activity/Purpose | D38: Activity 2.2
A39: D.1.1 | C39: (description, e.g. generators, etc.) | E39: 1 | F39: 20000 | G39: 1 | H39: =E39*F39*G39 -> 20000 | J39: =H39+I39 -> 20000
A40: D1.2 | C40: (description of equipment purchased for this activity) | H40: =E40*F40*G40 -> 0 | J40: =H40+I40 -> 0
A41: Subtotal Equipment | C41: Sub Total Supplies | H41: =SUM(H39:H40) -> 20000 | I41: =SUM(I39:I39) -> 0 | J41: =H41+I41 -> 20000
A42: E | C42: Supplies (< $10,000 per unit) | E42: # units | F42: cost per unit | G42: %
A43: E.1 | C43: Supplies
A44: Activity/Purpose | D44: Activity 2.2
A45: E.1.1 | C45: (description e.g. laptops, cell phones) | H45: =E45*F45*G45 -> 0 | J45: =H45+I45 -> 0
A46: Activity/Purpose | D46: Activity 3.1
A47: E.2.1 | C47: (description of supplies purchased for this activity) | H47: =E47*F47*G47 -> 0 | J47: =H47+I47 -> 0
A48: Subtotal Supplies | C48: Sub Total Supplies | H48: =SUM(H45:H47) -> 0 | I48: =SUM(I45:I45) -> 0 | J48: =H48+I48 -> 0
A49: F | C49: Contractual | E49: number | F49: cost per unit | G49: %
A50: F.1 | C50: Subawards
A51: F.1.1 | C51: Subrecipient (Name)* | E51: 1 | F51: 50000 | G51: 1 | H51: =E51*F51*G51 -> 50000 | J51: =H51+I51 -> 50000
A52: F.2 | C52: Contracts
A53: F.2.1 | C53: Contractor | H53: =E53*F53*G53 -> 0 | J53: =H53+I53 -> 0
A54: Subtotal Contractual | H54: =SUM(H51:H53) -> 50000 | I54: =SUM(I51:I53) -> 0 | J54: =H54+I54 -> 50000
A55: G | C55: Construction | E55: number | F55: cost per unit | G55: %
A56: G.1 | C56: description | E56: 0 | F56: 0 | H56: =E56*F56*G56 -> 0 | J56: =H56+I56 -> 0
A57: Subtotal Construction | H57: =SUM(H56:H56) -> 0 | I57: =SUM(I56:I56) -> 0 | J57: =H57+I57 -> 0
A58: H | C58: Other Direct Costs | D58: unit | E58: number | F58: cost per unit | G58: %
A59: H.1 | C59: description | D59: 1 | E59: 100 | F59: 50.5 | G59: 1 | H59: =D59*E59*F59*G59 -> 5050 | J59: =H59+I59 -> 5050
A60: H.2 | C60: description
A61: Subtotal Other Direct Costs | H61: =SUM(H59:H60) -> 5050 | I61: =SUM(I59:I60) -> 0 | J61: =H61+I61 -> 5050
A62: I | C62: Total Direct Costs | H62: =SUM(H14,H18,H35,H41,H48,H54,H57,H61) -> 83060 | I62: =SUM(I14,I18,I35,I41,I48,I54,I57,I61) -> 100 | J62: =H62+I62 -> 83160
A63: J | C63: Total Indirect Costs (select one: NICRA %, Final, Pre-determined, Provisional and Basis or 15% De Minimis based on MTDC) Template using 15% MTDC | H63: =SUM(H62*0.15) -> 12459 | I63: 0 | J63: =H63+I63 -> 12459
A64: K | C64: Total Project Cost | D64: (must match award amount) | H64: =SUM(H62:H63) -> 95519 | I64: =SUM(I62:I63) -> 100 | J64: =H64+I64 -> 95619

Sheet 5. MTDC Calculation
A1: Modified Total Direct Costs (MTDC) Calculation
A2: xxxxx
A3: xxxxx
A5: Modified Total Direct Costs (MTDC)
A6: 1) | B6: All direct salaries and wages
B7: A. Personnel | C7: 0
A9: 2) | B9: Applicable fringe benefits
B10: B. Fringe Benefits | C10: 0
A12: 3) | B12: Materials and supplies
B13: E. Supplies | C13: 0
A15: 4) | B15: Services
B16: F. Contractual | C16: 0
B17: H. Other Direct Costs | C17: 0
A19: 5) | B19: Travel
B20: C. Travel | C20: 0
A22: 6) | B22: Up to first $50,000 of each subaward | C22: 0
A24: EXEMPTIONS
B25: Equipment | C25: ='[1]2. Detailed Budget'!J81 -> 0
B26: Capital expenditures | C26: 0
B27: Charges for patient care | C27: 0
B28: Rental costs | C28: 0
B29: Tuition remission | C29: 0
B30: Scholarships and fellowships | C30: 0
B31: Participant support costs | C31: 0
B32: Portion of each subaward in excess of $50,000 | C32: 0
A34: TOTAL | C34: =SUM(C7:C22)-SUM(C25:C32) -> 0
A35: NICRA / 15% De Minimis Indirect Cost Rate | C35: =C34*0.15 -> 0
